 Dungeon Crawl Stone Soup version 0.22-a0-533-g4d20840e7c (webtiles) character file.

89824 lavawurm the Severer (level 15, -21/104 HPs)
             Began as a Gargoyle Fighter on June 21, 2018.
             Was the Champion of Makhleb.
             Killed from afar by a deep elf high priest (30 damage)
             ... with damnation
             ... on level 1 of the Elven Halls on June 22, 2018.
             The game lasted 02:14:38 (22123 turns).

lavawurm the Severer (Gargoyle Fighter)            Turns: 22123, Time: 02:14:38

Health: -21/104    AC: 38    Str: 21    XL:     15   Next: 98%
Magic:  15/15      EV:  6    Int: 13    God:    Makhleb [******]
Gold:   2079       SH: 19    Dex: 10    Spells: 14/14 levels left

rFire    . . .     SeeInvis +   a - +0 war axe (drain)
rCold    + . .     Gourm    .   c - +0 shield
rNeg     + . .     Faith    .   I - +4 plate armour
rPois    ∞         Spirit   .   (no helmet)
rElec    +         Reflect  +   (no cloak)
rCorr    .         Harm     .   D - +1 pair of gloves
MR       +....                  g - +0 pair of boots
Stlth    ..........             F - +6 amulet of reflection
HPRegen  0.27/turn              N - ring "Allic" {AC+3 SInv}
MPRegen  0.14/turn              s - ring of protection from cold

@: no status effects
A: big wings, negative energy resistance 1, electricity resistance, unbreathing,
petrification resistance, rot immunity, AC +11
a: Fly, Minor Destruction, Lesser Servant of Makhleb, Major Destruction, Greater
Servant of Makhleb, Renounce Religion


You were on level 1 of the Elven Halls.
You worshipped Makhleb.
Makhleb was exalted by your worship.
You were not hungry.

You visited 5 branches of the dungeon, and saw 23 of its levels.
You also visited: Ossuary.

You collected 2540 gold pieces.
You spent 461 gold pieces at shops.

Inventory:

Hand Weapons
 a - a +0 war axe of draining (weapon)
 b - the +11 flail of Orihoi {crush, *Rage +Fly rC+++ Stlth+}
   (You found it on level 1 of the Lair of Beasts)

   It inflicts extra damage upon your enemies.
   It renders you almost immune to cold.
   It lets you fly.
   It may make you go berserk in combat.
   It makes you more stealthy.
 m - the +8 whip "Snakebite" {curare, rPois}
   (You found it on level 1 of the Lair of Beasts)

   It poisons the flesh of those it strikes.
   It protects you from poison.
 z - a +2 antimagic flail
 B - a +1 war axe of chopping
 K - a +2 war axe of flaming
Missiles
 M - 7 silver tomahawks (quivered)
Armour
 c - a +0 shield (worn)
 g - a +0 pair of boots (worn)
 D - a +1 pair of gloves (worn)
 I - a +4 plate armour (worn)
Jewellery
 s - a ring of protection from cold (right hand)
 F - a +6 amulet of reflection (around neck)
 N - the ring "Allic" (left hand) {AC+3 SInv}
   (You found it on level 2 of the Lair of Beasts)

   [ring of protection]

   It affects your AC (+3).
   It lets you see invisible.
Wands
 y - a wand of clouds (10)
 A - a wand of digging (35)
 E - a wand of acid (9)
 H - a wand of flame (51)
 P - a wand of disintegration (11)
 R - a wand of enslavement (14)
Scrolls
 i - 12 scrolls of identify
 n - 3 scrolls of fog
 o - 7 scrolls of blinking
 p - 16 scrolls of remove curse
 q - 3 scrolls of fear
 u - 3 scrolls of enchant armour
 v - 5 scrolls of amnesia
 w - 4 scrolls of enchant weapon
 J - 7 scrolls of teleportation
 L - 2 scrolls of magic mapping
Potions
 d - 6 potions of might
 e - 3 potions of mutation
 h - 3 potions of heal wounds
 k - a potion of ambrosia
 l - 3 potions of cancellation
 r - 9 potions of curing
 t - a potion of brilliance
 x - a potion of magic
 C - 6 potions of agility
 G - 2 potions of resistance
 O - a potion of berserk rage
Comestibles
 f - 43 rations


   Skills:
 + Level 15.6 Fighting
 - Level 16.0 Axes
 + Level 12.6 Armour
 + Level 12.6 Shields


You had 14 spell levels left.
You didn't know any spells.
Your spell library contained the following spells:

 Spells                   Type           Power        Failure   Level  Hunger
 Magic Dart               Conj           #...         99%         1    ##.....
 Conjure Flame            Conj/Fire      #.......     100%        3    ####...
 Bolt of Magma            Conj/Fire/Erth #.........   100%        5    ######.
 Slow                     Hex            #.......     100%        2    ###....
 Throw Frost              Conj/Ice       #.....       100%        2    ###....
 Freezing Cloud           Conj/Ice/Air   #.........   100%        6    #######
 Mephitic Cloud           Conj/Pois/Air  #.......     100%        3    ####...
 Ring of Flames           Chrm/Fire      #.........   100%        7    #######
 Venom Bolt               Conj/Pois      #.........   100%        5    ######.
 Summon Small Mammal      Summ           #...         99%         1    ##.....
 Blink                    Tloc           N/A          100%        2    ###....
 Iskenderun's Mystic Bla  Conj           #.......     100%        4    #####..
 Freeze                   Ice            #...         99%         1    ##.....
 Summon Ice Beast         Ice/Summ       #.......     100%        4    #####..
 Ozocubu's Armour         Chrm/Ice       #.......     100%        3    ####...
 Call Imp                 Summ           #.......     100%        2    ###....
 Iron Shot                Conj/Erth      #.........   100%        6    #######
 Spider Form              Tmut/Pois      #.........   100%        3    ####...
 Blade Hands              Tmut           #.........   100%        5    ######.
 Ice Form                 Ice/Tmut       #.......     100%        4    #####..
 Throw Icicle             Conj/Ice       #.......     100%        4    #####..
 Sticks to Snakes         Tmut           #.......     100%        2    ###....
 Call Canine Familiar     Summ           #.......     100%        3    ####...
 Orb of Destruction       Conj           #.........   100%        7    #######
 Beastly Appendage        Tmut           #.....       99%         1    ##.....
 Iskenderun's Battlesphe  Conj/Chrm      #.......     100%        5    ######.
 Fulminant Prism          Conj/Hex       #.........   100%        4    #####..
 Dazzling Spray           Conj/Hex       #.....       100%        3    ####...
 Force Lance              Conj/Tloc      #.......     100%        4    #####..
 Searing Ray              Conj           #.....       100%        2    ###....
 Summon Lightning Spire   Summ/Air       #.......     100%        4    #####..
 Summon Guardian Golem    Hex/Summ       #.......     100%        3    ####...
 Spellforged Servitor     Conj/Summ      #.........   100%        7    #######
 Poisonous Vapours        Pois/Air       #.....       100%        2    ###....


Dungeon Overview and Level Annotations

Branches:
Dungeon (13/15)            Temple (1/1) D:4            Lair (6/6) D:9
 Shoals (0/4) Lair:2        Snake (0/4) Lair:4        Slime (0/5) Lair:5
    Orc (2/2) D:12            Elf (1/3) Orc:2
 Vaults: D:13-14

Altars:
Ashenzari
Cheibriados
Dithmenos
Elyvilon
Fedhas
Gozag
Hepliaklqana
Kikubaaqudgha
Makhleb
Nemelex Xobeh
Okawaru
Qazlal
Ru
Sif Muna
Trog
Uskayaw
Vehumet
Wu Jian
Xom
Yredelemnul
Zin
The Shining One
Jiyva

Shops:
D:7 ?   Orc:2 !=([


Innate Abilities, Weirdness & Mutations

You are resistant to torment.
Your stone body is resilient. (AC +11)
You are immune to poison.
Your large and strong wings let you fly indefinitely.
You resist negative energy. (rN+)
You are resistant to electric shocks. (rElec)
You can survive without breathing.
You are immune to petrification.
You are immune to rotting.


Message History

The arrow closely misses the deep elf high priest.
You slash the fire elemental!
The fire elemental is almost destroyed.
The fire elemental closely misses you.
You slice the fire elemental!!
You destroy the fire elemental!
The deep elf mage is engulfed in blazing flames.
You slash the deep elf mage!
The deep elf mage is heavily wounded.
The deep elf high priest mumbles some strange prayers to its god against you.
Something smites you!
* * * LOW HITPOINT WARNING * * *
You slash the deep elf mage! You drain the deep elf mage!
The deep elf mage is almost dead.
The deep elf mage gestures wildly while chanting.
The deep elf mage blinks!
You close the door.
The deep elf high priest calls down the wrath of its god upon you.
The sphere of damnation explodes!
The damnation engulfs you!
You die...

#.# ## #### #.# ###≈ ♣..##
#.######## #≈≈≈≈ #...#
#..§§....# #≈≈§####..#
#.######.# ## #≈≈##%.#(.##
##)#### .###≈##%..'.e)###
##.....#
..##≈#:...'?*e'.###......#
...#≈##)..'..e#+@......###
..##≈≈##[.#..######....#
.###≈≈§####..#
##...#####.# ## #≈≈≈ #)..#
##........# .##### ♣..##
##)####### ..## #### #.#
...## #.# #.# ....# #.#
#.# ...#### ##.####### #.#


You could see a deep elf high priest, a deep elf mage and a battlesphere.

Vanquished Creatures
  Rupert (Orc:2)
  Gastronok (Lair:2)
  2 orc warlords
  Snorg (Lair:4)
  Fannar (Lair:1)
  A death knight (D:12)
  8 hydras
  8 two-headed ogres
  2 centaur warriors (D:13)
  A dancing weapon (Elf:1)
  Erica (Lair:1)
  A tengu warrior (D:11)
  3 orc high priests (Orc:2)
  Nergalle (Lair:1)
  A deep elf knight (Elf:1)
  The ghost of levstk the Slicer, a novice KoHu of Ashenzari (D:8)
  2 unseen horrors
  A lindwurm (Lair:5)
  Pikel (D:6)
  4 orc knights
  15 deep elf magi
  2 oklob plants (Lair:6)
  A cyclops (D:13)
  5 orc sorcerers
  2 elephants (Lair:2)
  An ugly thing (D:11)
  2 manticores (D:11)
  5 black mambas
  Maurice (Orc:2)
  A gargoyle (D:13)
  15 spiny frogs
  A rime drake (Lair:2)
  9 komodo dragons
  A tengu conjurer (D:10)
  2 freezing wraiths (D:12)
  A queen bee (Lair:2)
  9 trolls
  3 polar bears (Lair:6)
  3 slime creatures (D:13)
  Prince Ribbit (Lair:2)
  6 hornets
  A snapping turtle (Lair:2)
  2 dream sheep (Lair:6)
  13 blink frogs
  7 hippogriffs
  Sigmund (D:5)
  A vampire (D:10)
  12 spriggans (Lair:6)
  3 wraiths
  5 wyverns
  33 yaks
  5 basilisks
  2 hungry ghosts
  A fire elemental (Elf:1)
  2 steam dragons
  5 wargs
  3 nagas (Lair:4)
  9 vampire mosquitoes (D:13)
  Edmund (D:3)
  2 acid dragons
  21 water moccasins
  Duvessa (D:4)
  4 porcupines
  4 sky beasts
  26 orc warriors
  3 ice beasts
  3 slaves (D:6)
  7 black bears
  13 ogres
  2 eyes of draining
  A phantom (D:11)
  7 centaurs
  35 wolves
  4 boggarts (Lair:6)
  10 crocodiles
  2 big kobolds
  10 bullfrogs
  Blork the orc (D:6)
  A wyvern zombie (D:8)
  2 water moccasin zombies (Ossuary)
  A wyvern skeleton (D:12)
  2 scorpions
  Dowan (D:4)
  43 killer bees
  3 howler monkeys
  2 electric eels
  3 centaur zombies
  4 crimson imps
  2 bullfrog zombies
  2 quasits (D:6)
  3 hounds
  17 orc priests
  3 bullfrog skeletons
  A gnoll shaman (Orc:2)
  4 iguanas
  18 orc wizards
  Natasha (thrice) (D:4)
  5 hell rats
  8 worker ants
  3 big kobold zombies (Ossuary)
  3 hound skeletons
  2 mummies (Ossuary)
  A worker ant zombie (D:11)
  11 gnolls
  18 adders
  A river rat (Lair:2)
  2 shadow imps
  An ooze (D:3)
  An adder skeleton (D:5)
  6 adder zombies
  2 worms (D:3)
  6 dart slugs
  8 leopard geckos
  67 orcs
  2 ball pythons
  6 bats
  3 giant cockroaches
  A gnoll zombie (Ossuary)
  4 goblins
  6 hobgoblins
  16 jackals
  20 kobolds
  6 quokkas
  3 frilled lizards
  7 hobgoblin zombies
  A jackal skeleton (D:4)
  3 kobold zombies (Ossuary)
  8 orc zombies (Ossuary)
  6 rats
  A fungus (Lair:2)
743 creatures vanquished.

Vanquished Creatures (others)
  Nessos (Lair:4)
  2 deep elf magi (Elf:1)
  A killer bee (Lair:2)
  An orc wizard (Orc:2)
  An orc (Orc:2)
  5 fungi
  4 plants
15 creatures vanquished.

Grand Total: 758 creatures vanquished

Notes
Turn   | Place    | Note
-------+----------+-------------------------------------------
     0 | D:1      | lavawurm the Gargoyle Fighter began the quest for the Orb.
     0 | D:1      | Reached XP level 1. HP: 14/14 MP: 1/1
     0 | D:1      | Upgraded the game from 0.22-a0-525-gf69a0803ab to 0.22-a0-533-g4d20840e7c
    56 | D:1      | Reached skill level 2 in Axes
   134 | D:1      | Reached XP level 2. HP: 19/19 MP: 2/2
   504 | D:1      | Reached XP level 3. HP: 18/24 MP: 3/3
   928 | D:2      | Reached skill level 3 in Axes
   935 | D:2      | Found a faded altar of an unknown god.
  1246 | D:2      | Reached XP level 4. HP: 29/29 MP: 4/4
  1494 | D:3      | Reached XP level 5. HP: 32/34 MP: 5/5
  1539 | D:3      | Reached skill level 4 in Axes
  2060 | D:3      | Reached XP level 6. HP: 21/40 MP: 6/6
  2366 | D:4      | Noticed Natasha
  2366 | D:4      | Noticed Edmund
  2387 | D:3      | Killed Edmund
  2387 | D:3      | Reached skill level 5 in Fighting
  2387 | D:3      | Reached skill level 5 in Axes
  2442 | D:4      | Killed Natasha
  2485 | D:4      | Reached XP level 7. HP: 37/44 MP: 7/7
  2635 | D:4      | Reached skill level 6 in Axes
  2679 | D:4      | Found an opulent altar of Gozag.
  2756 | D:4      | Noticed Duvessa
  2756 | D:4      | Noticed Dowan
  2772 | D:4      | Killed Dowan
  2776 | D:4      | Killed Duvessa
  2818 | D:4      | Noticed Natasha
  2832 | D:4      | Killed Natasha
  2906 | D:4      | Noticed Natasha
  2917 | D:4      | Killed Natasha
  3023 | D:4      | Found a staircase to the Ecumenical Temple.
  3028 | Temple   | Entered the Ecumenical Temple
  3082 | Temple   | Became a worshipper of Makhleb the Destroyer
  3345 | D:5      | Entered Level 5 of the Dungeon
  3422 | D:5      | Reached XP level 8. HP: 47/52 MP: 8/8
  3436 | D:5      | Found a sand-covered staircase.
  3447 | Ossuary  | Entered an ossuary
  3495 | Ossuary  | Reached skill level 7 in Axes
  3567 | Ossuary  | Reached * piety under Makhleb
  3756 | D:5      | Noticed Sigmund
  3767 | D:5      | Killed Sigmund
  4299 | D:6      | Found a blossoming altar of Fedhas.
  4486 | D:6      | Reached skill level 8 in Axes
  4502 | D:6      | Noticed Blork the orc
  4522 | D:6      | Killed Blork the orc
  5002 | D:6      | Reached ** piety under Makhleb
  5002 | D:6      | Reached XP level 9. HP: 55/58 MP: 9/9
  5093 | D:6      | Noticed Pikel
  5115 | D:6      | Killed Pikel
  5115 | D:6      | Reached skill level 9 in Axes
  5779 | D:7      | Reached skill level 10 in Axes
  5808 | D:7      | Reached XP level 10. HP: 66/66 MP: 10/10
  6142 | D:7      | Found Beazann's Magic Scroll Emporium.
  6148 | D:7      | Bought a scroll of random uselessness for 10 gold pieces
  6148 | D:7      | Bought a scroll of brand weapon for 200 gold pieces
  6148 | D:7      | Bought a scroll of remove curse for 30 gold pieces
  6148 | D:7      | Bought a scroll of enchant weapon for 75 gold pieces
  6148 | D:7      | Bought a scroll of identify for 20 gold pieces
  6414 | D:8      | Reached *** piety under Makhleb
  6425 | D:8      | Reached skill level 11 in Axes
  6431 | D:8      | Noticed a two-headed ogre
  6432 | D:8      | Noticed a two-headed ogre
  6467 | D:8      | Killed a two-headed ogre
  6467 | D:8      | Reached skill level 10 in Fighting
  6477 | D:8      | Killed a two-headed ogre
  6551 | D:8      | Found a transporter.
  6576 | D:8      | Noticed levstk's ghost (novice KoHu)
  6595 | D:8      | Found a transporter.
  6798 | D:8      | Noticed a two-headed ogre
  6813 | D:8      | Killed a two-headed ogre
  6813 | D:8      | Reached skill level 12 in Axes
  6856 | D:8      | Noticed a two-headed ogre
  6871 | D:8      | Killed a two-headed ogre
  6871 | D:8      | Reached XP level 11. HP: 43/73 MP: 11/11
  7756 | D:9      | Found a staircase to the Lair.
  8150 | D:10     | Entered Level 10 of the Dungeon
  9062 | Lair:1   | Entered Level 1 of the Lair of Beasts
  9293 | Lair:1   | Reached **** piety under Makhleb
  9381 | Lair:1   | Found the +8 whip "Snakebite" {curare, rPois}
  9532 | Lair:1   | Reached skill level 13 in Axes
  9532 | Lair:1   | Reached skill level 5 in Shields
  9569 | Lair:1   | Reached skill level 5 in Armour
  9577 | Lair:1   | Got a scorched flail
 10034 | Lair:2   | Noticed Fannar
 10035 | Lair:2   | Noticed Gastronok
 10041 | Lair:2   | Noticed Erica
 10108 | Lair:1   | Killed Fannar
 10108 | Lair:1   | Reached XP level 12. HP: 80/80 MP: 12/12
 10110 | Lair:1   | Killed Erica
 10119 | Lair:1   | Identified the +11 flail of Orihoi {crush, *Rage +Fly rC+++ Stlth+} (You found it on level 1 of the Lair of Beasts)
 10166 | Lair:2   | Noticed Prince Ribbit
 10177 | Lair:2   | Killed Prince Ribbit
 10544 | Lair:2   | Got a heavily runed golden ring
 10559 | Lair:2   | Reached ***** piety under Makhleb
 10649 | Lair:2   | Noticed a four-headed hydra
 10650 | Lair:2   | Noticed Nergalle
 11009 | Lair:1   | Killed a four-headed hydra
 11009 | Lair:1   | Reached skill level 14 in Axes
 11367 | Lair:2   | Found a staircase to the Shoals.
 11467 | Lair:2   | Killed Gastronok
 11467 | Lair:2   | Reached XP level 13. HP: 87/87 MP: 13/13
 12042 | Lair:1   | Killed Nergalle
 12497 | Lair:3   | Identified the ring "Allic" {AC+3 SInv} (You found it on level 2 of the Lair of Beasts)
 12814 | Lair:3   | You fall through a shaft for 2 floors!
 13364 | Lair:4   | Found a staircase to the Snake Pit.
 13608 | Lair:4   | Noticed Snorg
 13626 | Lair:4   | Killed Snorg
 13628 | Lair:4   | Found a glowing silver altar of Zin.
 13705 | Lair:4   | Noticed Nessos
 13711 | Lair:4   | Killed Nessos
 14244 | Lair:5   | Reached skill level 15 in Axes
 14549 | Lair:5   | Got a transparent scale mail
 14555 | Lair:5   | Found a staircase to the Slime Pits.
 14563 | Lair:5   | Found a viscous altar of Jiyva.
 15019 | Lair:6   | Entered Level 6 of the Lair of Beasts
 15205 | Lair:6   | Gained mutation: Your large and strong wings let you fly indefinitely. [Gargoyle growth]
 15205 | Lair:6   | Reached XP level 14. HP: 94/94 MP: 14/14
 15529 | Lair:6   | Reached ****** piety under Makhleb
 16368 | D:8      | Killed levstk's ghost
 16489 | D:10     | Identified the cursed +0 scale mail of Leamifoo {Int+6} (You found it on level 5 of the Lair of Beasts)
 16590 | D:11     | Reached skill level 10 in Armour
 16615 | D:11     | Reached skill level 10 in Shields
 17077 | D:11     | Reached skill level 16 in Axes
 17732 | D:12     | Found a staircase to the Orcish Mines.
 18254 | D:13     | Reached XP level 15. HP: 101/101 MP: 15/15
 19067 | Orc:1    | Entered Level 1 of the Orcish Mines
 19070 | Orc:1    | Paralysed by an orc sorcerer for 4 turns
 19101 | Orc:1    | Noticed an orc warlord
 19108 | Orc:1    | Paralysed by an orc sorcerer for 3 turns
 19251 | Orc:1    | Killed an orc warlord
 19469 | Orc:2    | Entered Level 2 of the Orcish Mines
 19469 | Orc:2    | Noticed Rupert
 19537 | Orc:2    | Killed Rupert
 19537 | Orc:2    | Reached skill level 15 in Fighting
 19751 | Orc:2    | Found a staircase to the Elven Halls.
 19785 | Orc:2    | Noticed Maurice
 19846 | Orc:2    | Killed Maurice
 20657 | Orc:2    | Found Alimn's Armour Emporium.
 20657 | Orc:2    | Found Ovirawkups's Weapon Boutique.
 20659 | Orc:2    | Found Wuomup Mung's Jewellery Emporium.
 20659 | Orc:2    | Found Vuteid's Distillery.
 20676 | Orc:2    | Bought a +1 pair of gloves for 126 gold pieces
 20780 | Elf:1    | Entered Level 1 of the Elven Halls
 20906 | Orc:1    | Noticed an orc warlord
 20931 | Orc:2    | Killed an orc warlord
 22123 | Elf:1    | Killed from afar by a deep elf high priest

Vault maps used:
D:1:      minmay_arrival_stair_chambers
D:2:      chequers_ecumenical_altar_simple, first_ration,
          minmay_misc_feat_secret_circle
D:3:      kennysheep_big_flooded_room
D:4:      grunt_gozag_statues, minmay_temple_entry_nine_rooms, uniq_duvessa,
          uniq_natasha, uniq_edmund
D:5:      enter_ossuary_3, grunt_ministairs_14, uniq_sigmund
D:6:      fedhas_altar_1, uniq_blork_the_orc, uniq_pikel
D:7:      serial_shops, shop
D:8:      gammafunk_ghost_arena
D:9:      lair_entry_dummy, serial_co_window_serial, co_window_paths_a,
          co_window_paths_b, co_window_corner_a, co_window_of_opportunity_a,
          co_window_of_opportunity_a, co_window_unsneaky_path_a,
          co_window_corner_b, co_window_2corner, co_window_broadway_b,
          co_window_2corner, co_window_cross_4, glass_columns_b, glass_columns_b
D:10:     grunt_tengu_nest
D:12:     david_orc_2
Temple:   nicolae_temple_the_god_donut
Lair:1:   minmay_guarded_unrand_snakebite
Lair:2:   regret_index_combs_of_tragedy, minmay_shoals_entry_hut,
          uniq_gastronok, uniq_fannar, uniq_erica, uniq_prince_ribbit2,
          uniq_nergalle
Lair:4:   guppyfry_snake_entry_garden, basic_altar, lemuel_fruit_fields,
          serial_bayou_shore_a, uniq_snorg, uniq_nessos
Lair:5:   slime_altar_1, infiniplex_staircase_pool, lemuel_fruit_fields
Lair:6:   minmay_lair_end_enchanted_forest, serial_bayou_pond_b,
          serial_bayou_shore_b, minmay_lair_oklob_chamber
Orc:2:    grunt_orc_tribal_feast, nicolae_orc_damp_corner, uniq_maurice,
          uniq_rupert
Elf:1:    minmay_elf_arrival_plus, kennysheep_underground_church,
          lemuel_flamethrower_3, uniq_kirke
Ossuary:  ossuary_tomb_2

Skill      XL: |  1  2  3  4  5  6  7  8  9 10 11 12 13 14 15 |
---------------+----------------------------------------------+-----
Axes           | 2 3 4 5 6 8 10 12 13 14 15 16 | 16.0
Fighting       | 4 5 6 7 9 10 11 12 13 14 15 | 15.6
Shields        | 5 7 9 10 12 | 12.6
Armour         | 5 7 9 10 12 | 12.6

Action                   |  1- 3 |  4- 6 |  7- 9 | 10-12 | 13-15 || total
-------------------------+-------+-------+-------+-------+-------++-------
Melee: War axe           |   104 |   210 |   493 |   844 |  1736 ||  3387
       Mace              |       |       |       |    22 |    51 ||    73
       Whip              |       |       |       |    10 |       ||    10
       Flail             |       |       |       |     3 |       ||     3
       Hand axe          |       |       |       |       |   125 ||   125
  Use: Scroll            |       |       |     6 |    16 |     4 ||    26
       Potion            |       |       |       |     2 |       ||     2
 Stab: Distracted        |       |       |       |       |     1 ||     1
  Eat: Chunk             |     1 |     5 |    13 |    21 |    37 ||    77
       Ration            |       |       |     1 |       |       ||     1
Armor: Scale mail        |    86 |   111 |       |       |       ||   197
       Chain mail        |       |    13 |   345 |   431 |   701 ||  1490
       Plate armour      |       |       |       |       |   179 ||   179
Dodge: Dodged            |    32 |    62 |   116 |   134 |   318 ||   662
Block: Shield            |    78 |   106 |   238 |   691 |  1568 ||  2681
       Reflection        |       |       |       |     1 |    43 ||    44

Table legend:
 A = Spawn XP
 B = Non-spawn XP
 C = Spawn XP percentage of total XP
 D = Spawn monster count
 E = Non-spawn monster count
 F = Spawn count percentage of total count
 G = Total turns spent on level
                    A         B        C        D         E        F      G
               +---------+---------+-------+---------+---------+-------+---------
         Total |       0 |  128320 |   0.0 |       0 |     742 |   0.0 | 22123
               +---------+---------+-------+---------+---------+-------+---------
           D:1 |       0 |      49 |   0.0 |       0 |      20 |   0.0 |   838
           D:2 |       0 |      38 |   0.0 |       0 |      19 |   0.0 |   570
           D:3 |       0 |     436 |   0.0 |       0 |      40 |   0.0 |  1028
           D:4 |       0 |     584 |   0.0 |       0 |      23 |   0.0 |   709
           D:5 |       0 |     391 |   0.0 |       0 |       9 |   0.0 |   633
           D:6 |       0 |    1343 |   0.0 |       0 |      22 |   0.0 |  1041
           D:7 |       0 |    2131 |   0.0 |       0 |      24 |   0.0 |  1027
           D:8 |       0 |    5593 |   0.0 |       0 |      35 |   0.0 |  1102
           D:9 |       0 |     794 |   0.0 |       0 |      12 |   0.0 |  1054
          D:10 |       0 |    1242 |   0.0 |       0 |      15 |   0.0 |   880
          D:11 |       0 |    9094 |   0.0 |       0 |      49 |   0.0 |   824
          D:12 |       0 |    8230 |   0.0 |       0 |      45 |   0.0 |   942
          D:13 |       0 |   10552 |   0.0 |       0 |      44 |   0.0 |   847
        Lair:1 |       0 |    9397 |   0.0 |       0 |      30 |   0.0 |  1917
        Lair:2 |       0 |   12927 |   0.0 |       0 |      68 |   0.0 |  1205
        Lair:3 |       0 |    2970 |   0.0 |       0 |      12 |   0.0 |   889
        Lair:4 |       0 |    6245 |   0.0 |       0 |      14 |   0.0 |  1013
        Lair:5 |       0 |    7118 |   0.0 |       0 |      31 |   0.0 |   994
        Lair:6 |       0 |   17741 |   0.0 |       0 |      77 |   0.0 |  1192
         Orc:1 |       0 |    6510 |   0.0 |       0 |      49 |   0.0 |   851
         Orc:2 |       0 |   15911 |   0.0 |       0 |      60 |   0.0 |  1296
         Elf:1 |       0 |    8714 |   0.0 |       0 |      15 |   0.0 |   825
       Ossuary |       0 |     310 |   0.0 |       0 |      29 |   0.0 |   216
               +---------+---------+-------+---------+---------+-------+---------
